 Dungeon Crawl Stone Soup version 0.31-a0-859-g9dce7d3444 (webtiles) character file.

Game seed: 9239698744200191437

176 DocEon the Insei (level 5, -13/27 HPs)
             Began as a Vine Stalker Monk on Oct 9, 2023.
             Mangled by an ogre
             ... wielding a +0 giant club
              (18 damage)
             ... on level 3 of the Dungeon.
             The game lasted 00:03:10 (2272 turns).

DocEon the Insei (Vine Stalker Monk)                Turns: 2272, Time: 00:03:10

Health: -13/27     AC:  3    Str: 13    XL:     5   Next: 56%
Magic:  0/6        EV: 13    Int: 10    God:
Gold:   137        SH:  0    Dex: 19    Spells: 4/4 levels left

rFire   . .          .
                       - Unarmed
rCold   . . .        c - orb {light}
rNeg    . . .        a - +0 robe
rPois   .            o - +0 helmet
rElec   .            (no cloak)
rCorr   .            (no gloves)
SInv    .            (no boots)
Will    .....        (no amulet)
Stlth   +            (no ring)
HPRegen 1.04/turn    (no ring)
MPRegen 0.10/turn

%: guardian spirit
@: glowing
A: fangs 2, regeneration 1, magic shield, antimagic bite, no potion heal 2
a: no special abilities


You were on level 3 of the Dungeon.
You visited 1 branch of the dungeon, and saw 3 of its levels.

You collected 137 gold pieces.

Inventory:

Missiles
 j - 3 boomerangs (quivered)
Armour
 a - a +0 robe (worn)
 c - an orb of light (worn)
 o - a +0 helmet (worn)
Scrolls
 e - a scroll of immolation {unknown}
 f - a scroll of teleportation {unknown}
 h - a scroll of fear {unknown}
 l - 3 scrolls of identify {unknown}
 m - a scroll of revelation {unknown}
 n - a scroll of amnesia {unknown}
 p - a scroll of enchant weapon {unknown}
Potions
 b - 2 potions of ambrosia
 d - a potion of brilliance {unknown}
 g - a potion of might {unknown}
 i - a potion of curing {unknown}
 k - a potion of attraction {unknown}


   Skills:
 - Level 2.6 Fighting
 - Level 2.4 Dodging
 + Level 3.3 Stealth
 * Level 5.3 Unarmed Combat


You had 4 spell levels left.
You didn't know any spells.
Your spell library contained the following spells:

 Spells                   Type           Power      Damage    Failure   Level
 Magic Dart               Conj           0%         1d3       36%         1
 Shock                    Conj/Air       0%         1d3       36%         1
 Blink                    Tloc           0%         N/A       50%         2
 Cigotuvi's Dreadful Rot  Necr/Pois/Air  0%         N/A       50%         2
 Lesser Beckoning         Tloc           0%         N/A       50%         2
 Momentum Strike          Conj/Tloc      0%         3d8       50%         2
 Searing Ray              Conj           0%         2d4       50%         2
 Dazzling Flash           Conj/Hex       0%         N/A       75%         3
 Ignite Poison            Fire/Tmut/Pois 0%         N/A       75%         3
 Swiftness                Air            0%         N/A       75%         3
 Volatile Blastmotes      Fire/Tloc      0%         2d10      75%         3
 Airstrike                Air            0%         2d(0-16)  98%         4
 Fulminant Prism          Conj/Hex       0%         3d5       98%         4
 Olgreb's Toxic Radiance  Pois           0%         N/A       98%         4
 Freezing Cloud           Conj/Ice/Air   0%         6-21      100%        5
 Starburst                Conj/Fire      0%         6d3       100%        6
 Discord                  Hex            0%         N/A       100%        8
 Ignition                 Fire           0%         3d3       100%        8
 Maxwell's Capacitive Co  Air            0%         ∞         100%        8


Dungeon Overview and Level Annotations

Branches:
Dungeon (3/15)

Altars:
Ashenzari
Nemelex Xobeh
Xom
The Shining One

Annotations:
D:3 1 runed translucent door, gelatine's ghost, weakling DsGl


Innate Abilities, Weirdness & Mutations

You have extremely sharp teeth.
Your natural rate of healing is unusually fast.
When hurt, damage is shared between your health and your magic reserves.
Your bite disrupts and absorbs the magic of your enemies.
Potions cannot restore your health.


Message History

Found 5 stones.
No target in view!
You see here 5 stones.
Key pressed, stopping explore.
No target in view!
No target in view!
Found a short sword.
No target in view!
You now have 137 gold pieces (gained 13).
You see here a +0 short sword.
As you open the door, it creaks loudly!
An ogre and 8 goblins come into view.
The ogre shouts!
The goblin shouts! x8
Found 10 large rocks.
There are monsters nearby!
You barely miss the goblin. You bite the goblin.
You kill the goblin!
There are monsters nearby!
You hit the goblin. You bite the goblin.
You kill the goblin!
You hit the goblin.
The goblin is moderately wounded.
The goblin completely misses you.
You punch the goblin!
You kill the goblin!
You punch the goblin!
You kill the goblin!
You hit the ogre. You bite the ogre. You drain its power.
The ogre is moderately wounded.
You punch the ogre! You bite the ogre. You drain its power.
The ogre is heavily wounded.
The ogre hits you with a +0 giant club!!
Ouch! That really hurt!
* * * LOW HITPOINT WARNING * * *
You are too injured to fight recklessly!
You barely miss the ogre.
The ogre is heavily wounded.
The ogre hits you with a +0 giant club!!
Ouch! That really hurt!
You die...

#..........#...###...
#..........##.......#
#.....>....##......##
#######...###.#.#..##
#(..#..##...#...###
#.g(#####.####.####
ggg#.))..# #.#...
##O##.##### #.#... #.@.###
#..... ##########.#.#
###... #.....)......#
###.... ##.############
##...... ##..##§§§§≈≈≈≈##
#..##... ##..##§≈§.§(..≈≈##
#.###...
##.(##≈≈...##...≈§## ###.#
#... #..##≈≈....##....§≈##
#...# ####
#.##≈≈.....##.§...≈≈###.###


You could see an ogre and 4 goblins.

Vanquished Creatures
  3 gnolls (D:3)
  5 adders
  A worm (D:3)
  4 dart slugs
  6 ball pythons
  8 endoplasms
  3 giant cockroaches
  11 goblins
  5 hobgoblins
  13 jackals
  3 kobolds
  5 quokkas
  7 bats
  A frilled lizard (D:2)
  8 rats
83 creatures vanquished.

Notes
Turn   | Place    | Note
-------+----------+-------------------------------------------
     0 | D:1      | DocEon the Vine Stalker Monk began the quest for the Orb.
     0 | D:1      | Reached XP level 1. HP: 11/11 MP: 2/2
    69 | D:1      | Reached XP level 2. HP: 8/16 MP: 1/3
   258 | D:1      | Reached skill level 1 in Stealth
   297 | D:1      | Reached XP level 3. HP: 19/19 MP: 4/4
   298 | D:1      | Reached skill level 4 in Unarmed Combat
  1050 | D:2      | Reached XP level 4. HP: 23/23 MP: 5/5
  1108 | D:2      | Found a sparkling altar of Nemelex Xobeh.
  1507 | D:2      | Found a faded altar of an unknown god.
  1912 | D:3      | Noticed gelatine's ghost (weakling DsGl)
  2086 | D:3      | Found a runed translucent door.
  2098 | D:3      | Found a glowing golden altar of the Shining One.
  2101 | D:3      | Found a shimmering altar of Xom.
  2108 | D:3      | Reached skill level 5 in Unarmed Combat
  2108 | D:3      | Reached XP level 5. HP: 27/27 MP: 6/6
  2110 | D:3      | Found a broken altar of Ashenzari.
  2115 | D:3      | Found a sparkling altar of Nemelex Xobeh.
  2264 | D:3      | Noticed an ogre
  2272 | D:3      | Mangled by an ogre

Illustrated notes

Levels and vault maps discovered:
D:1:      dpeg_arrival_morbid_curiosity, layout_basic, minmay_misc_feat_tower
D:2:      layout_basic, basic_ecumenical_altar, basic_altar, serial_curves,
          eino_curves_04, eino_curves_04, minmay_misc_feat_alley
D:3:      layout_rooms, nicolae_overflow_macrodata_refinement,
          hellmonk_ghost_happy_afterlife, kennysheep_cross_room,
          minmay_ogre_servants

Skill      XL: |  1  2  3  4  5 |
---------------+----------------+-----
Stealth        | 1 2 3 |  3.3
Unarmed Combat | 4 5 |  5.3
Fighting       | |  2.6
Dodging        | |  2.4

Action                     |  1- 3 |  4- 6 || total
---------------------------+-------+-------++-------
  Melee: Unarmed           |    95 |    83 ||   178
         Bite              |    29 |    28 ||    57
  Throw: Boomerang         |       |    23 ||    23
    Use: Scroll            |     1 |       ||     1
   Stab: Sleeping          |     2 |       ||     2
 Armour: Robe              |    44 |    38 ||    82
  Dodge: Dodged            |    72 |    55 ||   127

Table legend: (Time is in decaauts)
 A = Elapsed time spent in this place.
 B = Non-inter-level travel time spent in this place.
 C = Inter-level travel time spent in this place.
 D = Time resting spent in this place.
 E = Time spent auto-exploring this place.
 F = Levels seen in this place.
 G = Mean time per level.
                   A        B        C        D        E       F      G
               +--------+--------+--------+--------+--------+-----+--------+
         Total |   2264 |   2180 |     84 |     20 |   1727 |   3 |  754.7 |
       Dungeon |   2264 |   2180 |     84 |     20 |   1727 |   3 |  754.7 |
               +--------+--------+--------+--------+--------+-----+--------+

Top non-repeatable levels by time:
     D:1: 918 daAuts
     D:2: 914 daAuts
     D:3: 432 daAuts
